Map: [ESL] Data-C

Players

Maru - Winner!

  • Race: Terran Terran
  • Spawn Location: 3:00

Creator

  • Race: Protoss Protoss
  • Spawn Location: 9:00

Event: DreamHack SC2 Masters 2022 Valencia

VOD

https://youtu.be/oNevfrct0io

Description

Time

  • Played on: July 3, 2022, 12:55 p.m.
  • Length: 23:51

All games in this series

Show
View Real Time Build Order
Export as new Build Order

Maru Terran - Winner!

Build Orders: Gas First Reaper Expand 

Get SALT Encoding   

  12  0:00  SCV  
  13  0:12  SCV  
  14  0:16  Supply Depot  
  14  0:24  SCV  
  15  0:30  Refinery  
  15  0:38  SCV  
  16  0:44  Barracks  
  16  0:50  SCV  
  17  1:02  SCV  
  18  1:14  SCV  
  19  1:31  Orbital Command, Reaper  
  19  1:32  Supply Depot  
  20  1:51  Command Center  
  20  1:57  SCV  
  21  2:05  Factory  
  21  2:09  Barracks Reactor  
  21  2:10  SCV  
  21  2:14  Refinery  
  22  2:22  SCV  
  23  2:35  SCV  
  24  2:47  SCV  
  24  2:50  Starport, Widow Mine  
  24  2:51  Marine x2  
  29  2:59  SCV  
  30  3:09  Marine x2  
  30  3:11  SCV  
  30  3:12  Widow Mine  
  34  3:23  SCV  
  34  3:25  Orbital Command  
  34  3:27  Medivac  
  37  3:30  Marine  
  37  3:31  Marine  
  37  3:34  Widow Mine  
  41  3:35  SCV, Supply Depot  
  42  3:47  SCV  
  43  3:48  Marine x2  
  43  3:51  SCV  
  46  3:56  Factory Tech Lab  
  46  3:58  Barracks  
  46  3:59  SCV, Starport Tech Lab  
  47  4:03  SCV  
  47  4:06  Refinery  
  47  4:08  Supply Depot  
  48  4:11  SCV  
  48  4:12  Marine x2  
  48  4:15  SCV  
  52  4:17  Raven  
  52  4:23  Engineering Bay  
  54  4:29  SCV x2, Siege Tank  
  57  4:41  SCV x2  
  57  4:45  Marine x2  
  59  4:47  Barracks  
  59  4:50  Terran Infantry Weapons Level 1  
  59  4:52  Bunker  
  55  4:53  SCV x2  
  55  4:55  Supply Depot  
  57  5:01  Siege Tank  
  57  5:05  Marine, Stimpack  
  57  5:06  SCV  
  62  5:14  Supply Depot  
  62  5:17  Starport Reactor, SCV, Marine x2  
  62  5:18  SCV  
  66  5:23  Supply Depot  
  66  5:25  Marine  
  66  5:29  SCV  
  66  5:30  SCV  
  66  5:35  Marine x2  
  69  5:41  Combat Shield, SCV, Supply Depot  
  69  5:42  SCV, Marauder  
  73  5:46  Factory Reactor  
  73  5:47  Marauder  
  73  5:48  Refinery  
  74  5:53  SCV  
  74  5:54  Supply Depot  
  74  5:56  Marine x2  
  77  5:59  Medivac  
  77  6:02  Medivac  
  81  6:06  Marauder  
  81  6:10  Supply Depot  
  83  6:13  Marauder  
  83  6:15  Marine x2  
  87  6:23  Widow Mine x2  
  91  6:27  Marauder  
  93  6:32  Medivac  
  93  6:33  Marine x2  
  93  6:34  Marauder  
  93  6:36  Medivac  
  101  6:46  Command Center  
  101  6:48  Concussive Shells  
  101  6:51  Marine x3  
  103  6:54  Terran Infantry Armor Level 1  
  103  6:55  Marauder  
  103  7:00  Supply Depot  
  101  7:09  SCV, Marine  
  101  7:10  SCV  
  97  7:16  Marine x2  
  97  7:17  Marauder  
  97  7:22  Medivac, Widow Mine x2  
  103  7:25  Medivac  
  103  7:26  SCV x2  
  103  7:27  Marauder  
  95  7:38  SCV x2, Marine, Marauder  
  100  7:48  Barracks x2, Marine x2  
  100  7:49  Widow Mine x2  
  100  7:50  SCV  
  107  7:54  Ghost Academy  
  107  8:00  Marine, Marauder  
  107  8:02  Medivac  
  107  8:03  SCV  
  114  8:05  SCV  
  114  8:07  Marauder  
  114  8:11  Widow Mine x2  
  120  8:15  SCV  
  120  8:17  SCV  
  120  8:22  Marauder  
  116  8:27  Marine x2  
  116  8:28  SCV  
  116  8:29  SCV  
  116  8:33  Widow Mine x2  
  124  8:35  Ghost  
  124  8:40  Orbital Command, SCV  
  127  8:42  Ghost  
  127  8:43  Barracks Tech Lab, Barracks Reactor  
  129  8:49  Supply Depot  
  129  8:51  Enhanced Shockwaves  
  129  8:52  SCV x2  
  131  8:56  Supply Depot  
  131  9:01  Marine x2  
  133  9:10  SCV x2  
  133  9:13  Ghost  
  133  9:16  Ghost  
  133  9:17  Refinery x2, Supply Depot  
  139  9:21  Missile Turret  
  139  9:22  SCV x2  
  141  9:28  Ghost  
  141  9:29  Marine x3  
  141  9:30  Marine  
  142  9:39  Engineering Bay, Armory  
  142  9:40  Supply Depot  
  142  9:43  Marine  
  142  9:45  Marine  
  144  9:50  Viking  
  139  9:57  Ghost  
  135  10:03  Widow Mine x2  
  135  10:04  Command Center  
  138  10:08  Ghost  
  138  10:09  Marine  
  128  10:15  Marine x2  
  128  10:16  Medivac  
  128  10:18  SCV x2  
  128  10:19  SCV  
  135  10:24  Widow Mine  
  135  10:28  Marine x2, Marauder x2  
  141  10:30  Widow Mine  
  141  10:35  Terran Infantry Weapons Level 2  
  142  10:40  SCV x3  
  145  10:46  Viking x2  
  149  10:52  SCV  
  149  10:54  Marine  
  149  10:56  Widow Mine x2  
  148  11:04  Terran Infantry Armor Level 2  
  145  11:08  SCV  
  142  11:16  Marine x4, Marauder x3  
  142  11:18  Widow Mine  
  142  11:20  Viking x2  
  142  11:22  Terran Ship Weapons Level 1  
  142  11:24  SCV x2  
  142  11:25  SCV  
  146  11:33  Marine  
  146  11:37  Marauder x3  
  146  11:38  Supply Depot  
  153  11:40  Supply Depot  
  153  11:45  Marine  
  153  11:46  Marine x2  
  156  11:48  Planetary Fortress  
  156  11:51  Marine  
  156  11:52  Viking x2  
  161  11:54  Widow Mine x2  
  165  12:04  Ghost x2  
  165  12:05  Marine x3, Marauder  
  174  12:13  Command Center  
  174  12:16  Missile Turret  
  174  12:20  Missile Turret  
  174  12:21  Marine  
  174  12:22  Marine x2  
  174  12:25  Missile Turret  
  174  12:26  Marauder  
  174  12:29  Bunker  
  178  12:32  Ghost  
  178  12:33  Ghost  
  182  12:47  Ghost  
  182  12:50  Viking x2, Barracks  
  188  12:51  Barracks, SCV  
  188  12:52  Barracks  
  188  12:53  SCV x2, Supply Depot  
  188  12:56  Terran Infantry Weapons Level 3  
  191  13:01  Ghost  
  182  13:12  Marine  
  182  13:13  Marine, Marauder  
  182  13:16  Marauder  
  186  13:21  Terran Infantry Armor Level 3  
  186  13:25  Starport  
  185  13:28  Orbital Command  
  185  13:31  Refinery  
  185  13:32  Refinery  
  185  13:39  Barracks Tech Lab x2, Marauder x3  
  185  13:40  Barracks Reactor  
  191  13:42  Viking  
  191  13:43  Marine x3  
  191  13:44  Marine  
  195  13:54  Sensor Tower  
  195  13:57  Sensor Tower  
  195  14:00  Marauder x2  
  195  14:01  Marine  
  194  14:13  Marine x3  
  194  14:14  Marauder x2  
  200  14:21  Marauder  
  200  14:25  Fusion Core  
  200  14:26  Starport Reactor  
  200  14:35  Command Center  
  200  14:40  Terran Ship Weapons Level 2  
  198  15:08  Personal Cloaking  
  188  15:16  Widow Mine x2  
  188  15:18  Marine  
  188  15:19  Marine, Marauder x2  
  158  15:22  Marine x2  
  158  15:23  Marauder x2  
  154  15:31  Liberator x4  
  158  15:39  Marine x3, Marauder  
  158  15:40  Marauder  
  158  15:41  Marauder  
  146  15:43  Advanced Ballistics  
  146  15:45  Marine x2, Marauder x2  
  146  15:46  Marine, Planetary Fortress  
  151  15:56  Marine, Widow Mine x2  
  156  15:57  Marine  
  156  15:59  Marine  
  156  16:01  Ghost, Marauder  
  156  16:02  Marauder  
  156  16:03  Marine, Missile Turret  
  165  16:06  Ghost  
  167  16:14  Liberator  
  167  16:15  Marine x2, Marauder  
  170  16:19  Liberator  
  170  16:22  Marauder  
  170  16:23  Marauder, Widow Mine x2  
  181  16:28  Liberator x2  
  181  16:30  Marauder  
  189  16:33  Nuke, Marine x2  
  189  16:35  Marauder  
  193  16:40  Sensor Tower  
  193  16:53  Command Center  
  193  16:56  Liberator  
  193  17:00  Missile Turret  
  196  17:02  Rapid Reignition System, Liberator  
  197  17:09  Missile Turret  
  197  17:11  Liberator  
  197  17:15  Command Center  
  200  17:21  Liberator  
  200  17:28  Command Center  
  178  18:04  Marine x2  
  178  18:05  Marine x4, Marauder x5  
  194  18:06  Liberator x2  
  200  18:18  Neosteel Armor  
  192  18:22  Marine x3  
  192  18:26  Ghost, Marauder x3  
  197  18:27  Marauder  
  197  18:29  Marine x2  
  190  18:38  Liberator x2  
  190  18:40  Marine  
  171  18:42  Marine  
  171  18:43  Marine  
  171  18:47  Ghost x3  
  164  18:48  Marauder  
  164  18:50  Marine x3  
  163  18:55  Marauder  
  163  18:56  Liberator  
  163  19:01  Orbital Command  
  166  19:09  Marauder, Liberator  
  171  19:10  Marine x3  
  171  19:11  Marine x3  
  171  19:16  Marine, Marauder x2  
  182  19:21  Liberator  
  185  19:25  Refinery, SCV x3  
  185  19:26  Refinery  
  185  19:27  Command Center  
  185  19:28  Orbital Command  
  186  19:40  Liberator  
  186  19:41  Liberator  
  186  19:53  Missile Turret  
  186  19:57  SCV x4  
  190  20:01  Marine x2  
  190  20:02  Marine, Marauder x3  
  195  20:24  Command Center  
  190  20:29  Terran Ship Weapons Level 3  
  180  20:43  Marine x4, Marauder  
  180  20:44  Marine, Marauder x3  
  180  20:45  Marine, Marauder  
  180  20:48  Orbital Command  
  191  20:50  Viking x2  
  195  21:04  Ghost  
  195  21:05  Marauder  
  196  21:22  Viking x4  
  196  21:28  Ghost x2  
  200  21:34  Sensor Tower  
  200  21:36  Planetary Fortress  
  193  21:52  Viking x2, Medivac  
  199  21:58  Missile Turret  
  199  22:00  Marine  
  198  22:16  Medivac  
  200  22:26  Missile Turret  
  196  23:05  Command Center  
  196  23:06  Marine x2, Marauder  
  197  23:14  Medivac  
  175  23:45  Command Center  
Show
View Real Time Build Order
Export as new Build Order

Creator Protoss 

Build Orders: 1 Gate Expand, Blink Stalkers 

Get SALT Encoding   

  12  0:00  Probe  
  13  0:12  Probe  
  14  0:17  Pylon  
  14  0:24  Probe (Chrono Boost)  
  15  0:36  Gateway  
  15  0:37  Probe (Chrono Boost)  
  16  0:43  Probe (Chrono Boost)  
  16  0:46  Assimilator  
  17  0:51  Probe  
  18  1:03  Probe  
  19  1:15  Probe  
  20  1:22  Nexus  
  20  1:32  Cybernetics Core  
  20  1:34  Probe  
  20  1:39  Assimilator  
  21  1:46  Probe  
  22  1:50  Pylon  
  22  1:58  Probe  
  23  2:06  Adept (Chrono Boost)  
  22  2:09  Warp Gate  
  22  2:10  Probe  
  25  2:21  Twilight Council  
  25  2:22  Probe  
  26  2:28  Stalker  
  28  2:34  Probe (Chrono Boost)  
  30  2:40  Probe (Chrono Boost)  
  31  2:45  Probe (Chrono Boost)  
  31  2:49  Probe (Chrono Boost)  
  32  2:51  Blink (Chrono Boost)  
  32  2:55  Probe (Chrono Boost)  
  32  2:56  Probe (Chrono Boost)  
  34  3:01  Probe  
  35  3:06  Gateway  
  35  3:10  Stalker  
  37  3:13  Probe  
  37  3:15  Probe  
  39  3:24  Gateway  
  39  3:26  Probe  
  40  3:31  Probe  
  40  3:32  Pylon  
  41  3:38  Probe  
  42  3:43  Probe  
  43  3:51  Probe  
  44  3:56  Probe  
  44  3:57  Stalker  
  44  4:00  Stalker  
  49  4:04  Nexus  
  49  4:06  Probe  
  49  4:08  Pylon  
  50  4:10  Probe  
  50  4:16  Pylon  
  51  4:19  Probe, Robotics Facility  
  51  4:23  Probe  
  53  4:28  Stalker  
  53  4:31  Probe  
  47  4:48  Probe (Chrono Boost)  
  47  4:49  Charge  
  47  4:50  Probe (Chrono Boost)  
  49  4:58  Probe (Chrono Boost)  
  51  5:00  Probe (Chrono Boost)  
  51  5:04  Probe (Chrono Boost)  
  51  5:05  Probe (Chrono Boost)  
  54  5:07  Observer  
  54  5:15  Probe (Chrono Boost)  
  54  5:18  Probe x2 (Chrono Boost)  
  57  5:22  Sentry  
  57  5:25  Gateway  
  57  5:26  Probe (Chrono Boost), Gateway  
  57  5:28  Probe (Chrono Boost)  
  62  5:30  Probe (Chrono Boost)  
  62  5:31  Probe (Chrono Boost)  
  62  5:33  Probe (Chrono Boost)  
  64  5:36  Warp Prism  
  64  5:38  Probe  
  64  5:39  Sentry  
  64  5:41  Probe, Gateway, Shield Battery  
  70  5:42  Pylon  
  70  5:44  Probe  
  70  5:47  Assimilator  
  71  5:53  Shield Battery  
  71  5:58  Probe x2  
  71  5:59  Probe  
  71  6:00  Pylon  
  72  6:06  Gateway  
  72  6:07  Gateway  
  72  6:08  Sentry x2  
  76  6:12  Pylon  
  76  6:14  Stalker  
  78  6:22  Pylon  
  78  6:23  Probe x3  
  81  6:36  Immortal (Chrono Boost), Zealot  
  81  6:37  Zealot x3  
  93  6:41  Shield Battery  
  93  6:45  Stalker x2  
  96  6:47  Pylon  
  94  6:57  Shield Battery  
  94  7:01  Zealot x2  
  94  7:02  Zealot x4  
  94  7:08  Stalker x2, Immortal  
  86  7:22  Zealot  
  86  7:23  Zealot x5  
  96  7:32  Stalker  
  96  7:33  Stalker  
  96  7:34  Probe x3  
  93  7:41  Assimilator  
  93  7:42  Assimilator  
  93  7:43  Forge  
  93  7:45  Templar Archives  
  93  7:47  Observer  
  93  7:48  Stalker  
  93  7:49  Zealot x3  
  93  7:51  Pylon  
  102  7:52  Stalker  
  102  7:55  Probe x3  
  107  8:02  Stalker x2  
  111  8:13  Zealot x5  
  111  8:15  Protoss Ground Weapons Level 1  
  111  8:19  Psionic Storm  
  111  8:28  Probe x3  
  114  8:36  Nexus  
  114  8:37  Pylon  
  114  8:40  High Templar  
  114  8:41  Zealot  
  118  8:43  Photon Cannon  
  118  8:48  High Templar  
  118  8:49  Probe x2  
  118  8:50  Probe  
  123  9:00  Sentry  
  123  9:01  Photon Cannon  
  123  9:02  Shield Battery  
  125  9:05  Probe x2  
  125  9:06  Probe  
  125  9:09  Robotics Bay  
  128  9:12  Observer (Chrono Boost)  
  128  9:17  Zealot  
  128  9:18  Zealot  
  130  9:28  High Templar  
  130  9:29  Pylon  
  120  9:39  Stalker x3  
  120  9:53  Colossus (Chrono Boost)  
  124  10:01  Photon Cannon  
  124  10:02  Shield Battery, Zealot x2  
  124  10:03  Zealot x4  
  134  10:11  Stalker  
  134  10:12  Stalker  
  120  10:15  Protoss Ground Armor Level 1 (Chrono Boost)  
  120  10:17  Extended Thermal Lance  
  120  10:19  Forge  
  120  10:23  Photon Cannon  
  120  10:25  Gateway  
  120  10:26  Gateway  
  118  10:33  Zealot x5  
  126  10:37  Colossus (Chrono Boost)  
  126  10:40  Probe x4  
  126  10:42  Stalker, Zealot  
  140  10:45  Nexus  
  140  10:47  Pylon  
  140  10:55  Stalker x3  
  133  11:06  Zealot x5  
  132  11:23  Zealot x2  
  132  11:24  Observer (Chrono Boost), Zealot x5  
  147  11:27  Stalker x3  
  147  11:31  Probe  
  147  11:32  Probe x3  
  157  11:34  Photon Cannon  
  157  11:36  Shield Battery  
  157  11:37  Protoss Ground Weapons Level 2 (Chrono Boost)  
  157  11:39  Disruptor (Chrono Boost)  
  157  11:44  Photon Cannon  
  157  11:45  Probe  
  161  11:49  Stalker  
  163  11:57  Assimilator  
  163  11:59  Pylon, Shield Battery  
  163  12:00  Probe x4  
  167  12:08  Assimilator  
  167  12:09  Photon Cannon  
  167  12:10  Shield Battery  
  167  12:11  Disruptor (Chrono Boost)  
  167  12:13  Robotics Facility, Assimilator  
  170  12:16  Pylon  
  170  12:18  Photon Cannon  
  170  12:22  High Templar, Protoss Ground Armor Level 2 (Chrono Boost), Zealot x3  
  178  12:27  Assimilator  
  178  12:40  Disruptor  
  178  12:43  Stalker  
  183  12:45  Shield Battery  
  183  12:46  Zealot x3  
  187  12:55  Zealot x4  
  185  13:11  Zealot  
  185  13:12  Zealot x3  
  190  13:14  Disruptor (Chrono Boost)  
  190  13:16  Disruptor (Chrono Boost)  
  193  13:22  Stargate  
  193  13:23  High Templar  
  193  13:26  Pylon  
  189  13:32  Observer  
  183  13:37  Nexus  
  183  13:39  High Templar x2  
  183  13:40  Disruptor (Chrono Boost)  
  187  13:41  Disruptor (Chrono Boost)  
  191  13:51  High Templar  
  193  13:55  Stalker  
  193  14:04  Archon  
  193  14:09  Disruptor (Chrono Boost)  
  179  14:10  Stalker, Zealot x5  
  179  14:12  Stalker  
  179  14:14  Disruptor (Chrono Boost)  
  178  14:21  Probe x4  
  178  14:23  Pylon  
  173  14:33  Probe x3  
  173  14:38  Stalker x2  
  176  14:40  Pylon, Gateway  
  176  14:41  Disruptor (Chrono Boost), Pylon  
  176  14:42  Gateway  
  176  14:43  Pylon  
  176  14:44  Disruptor (Chrono Boost)  
  182  14:46  Stalker x3  
  182  14:50  Stalker x2  
  182  14:52  Assimilator  
  192  14:54  Photon Cannon, Shield Battery  
  192  14:57  Assimilator  
  181  15:06  Stalker x3  
  181  15:07  Stalker  
  189  15:10  Disruptor  
  179  15:15  Disruptor  
  150  15:22  Stalker x6  
  133  15:33  Stalker  
  117  15:43  Warp Prism (Chrono Boost)  
  117  15:44  Pylon, Probe x5  
  117  15:48  Colossus (Chrono Boost)  
  124  15:50  Protoss Shields Level 1 (Chrono Boost)  
  130  15:58  Stalker x3  
  130  15:59  Nexus  
  130  16:00  Probe x2  
  130  16:01  Probe x2  
  140  16:06  Probe  
  140  16:07  Pylon  
  140  16:08  Stalker x4  
  140  16:11  Disruptor (Chrono Boost), Shield Battery  
  149  16:12  Shield Battery  
  151  16:22  Zealot x3  
  151  16:23  Zealot  
  159  16:27  Sentry  
  159  16:28  Stalker x2  
  159  16:32  Disruptor (Chrono Boost)  
  165  16:35  Zealot x2  
  165  16:37  Photon Cannon  
  171  16:41  Disruptor (Chrono Boost)  
  171  16:44  High Templar  
  171  16:45  High Templar  
  171  16:46  Zealot x3  
  184  16:54  Zealot x3  
  184  16:58  Observer (Chrono Boost)  
  191  17:04  Nexus  
  191  17:08  Pylon  
  191  17:09  Protoss Ground Weapons Level 3 (Chrono Boost)  
  191  17:12  Fleet Beacon  
  185  17:29  Stalker x3, High Templar  
  193  17:32  Observer  
  194  17:40  Stalker x3  
  196  17:54  Stalker x4  
  188  18:10  Stalker  
  188  18:11  Stalker x3  
  194  18:25  Archon  
  186  18:27  Stalker x5  
  165  18:36  Warp Prism (Chrono Boost)  
  127  18:46  Stalker x5  
  127  18:47  Zealot x2  
  127  18:48  Colossus (Chrono Boost)  
  125  18:49  Mothership (Chrono Boost)  
  123  19:01  Probe x3 (Chrono Boost)  
  123  19:02  Probe (Chrono Boost)  
  138  19:03  Disruptor (Chrono Boost)  
  138  19:05  Sentry, Zealot  
  138  19:07  Stalker, Zealot  
  149  19:19  Disruptor, Photon Cannon  
  149  19:20  Shield Battery  
  149  19:24  Disruptor  
  149  19:28  Zealot x2  
  149  19:29  Zealot  
  155  19:31  Stalker  
  155  19:32  High Templar  
  165  19:41  Zealot  
  163  19:46  Disruptor  
  163  19:51  Zealot x5  
  163  19:53  Observer  
  163  19:56  Zealot  
  163  19:59  Dark Shrine  
  164  20:01  Sentry  
  167  20:11  Stalker x3  
  171  20:16  Disruptor  
  174  20:24  Stalker x2  
  176  20:32  Stalker  
  176  20:33  Stalker x2  
  176  20:34  Zealot  
  170  20:43  Stalker x2  
  170  20:48  Disruptor  
  162  21:00  Stalker  
  162  21:01  Zealot  
  162  21:23  Dark Templar x4  
  162  21:24  Zealot  
  166  21:28  Archon x2  
  166  21:50  Nexus  
  166  21:51  Dark Templar x3  
  172  22:00  Dark Templar, Zealot  
  176  22:05  Tempest (Chrono Boost)  
  176  22:14  Pylon  
  178  22:18  High Templar  
  176  22:49  Stalker x3  
  166  22:52  Nexus  
  165  23:02  Dark Templar x2, Zealot x2  
  165  23:03  Zealot x3  
  138  23:27  Stalker  
  138  23:28  Stalker x5  

Tags
 
Add a new tag
Caveats
  • Supply blocks, unpowered buildings, or Contaminate may cause inaccurate times.
  • Supply counts are checked every 10 seconds.